 Dungeon Crawl Stone Soup version 0.28.0 (webtiles) character file.

Game seed: 6301299727763641088

695 hito the Skirmisher (level 7, -2/58 HPs)
             Began as a Formicid Abyssal Knight on Feb 7, 2022.
             Was a Priest of Lugonu.
             Killed by nerve-wracking pain
             ... invoked by a shadow imp
              (8 damage)
             ... on level 6 of the Dungeon.
             The game lasted 00:23:39 (6390 turns).

hito the Skirmisher (Formicid Abyssal Knight)       Turns: 6390, Time: 00:23:40

Health: -2/58      AC:  8    Str: 20    XL:     7   Next: 96%
Magic:  0/10       EV: 10    Int:  9    God:    Lugonu [***...]
Gold:   185        SH:  0    Dex: 11    Spells: 6/6 levels left

rFire   + . .      SeeInvis +   k - +0 flail
rCold   + . .      Faith    .   (no shield)
rNeg    . . .      Spirit   +   d - +0 scale mail
rPois   .          Reflect  .   (helmet unavailable)
rElec   .          Harm     .   g - scarf {rC+ rF+}
rCorr   .          Rampage  .   (no gloves)
Will    .....                   m - +1 pair of boots
Stlth   ..........              n - amulet of guardian spirit
HPRegen 0.19/turn               (no ring)
MPRegen 0.12/turn               (no ring)

@: studying Armour
A: permanent stasis, dig shafts and tunnels, antennae 3, four strong arms
a: Dig, Shaft Self, Renounce Religion, Depart the Abyss, Bend Space, Banish


You were on level 6 of the Dungeon.
You worshipped Lugonu.
Lugonu was most pleased with you.
You visited 1 branch of the dungeon, and saw 6 of its levels.
You visited the Abyss 1 time.

You collected 185 gold pieces.

Inventory:

Hand Weapons
 a - a +1 mace
 k - a +0 flail (weapon)
Missiles
 c - 272 stones
Armour
 b - a +0 leather armour
 d - a +0 scale mail (worn)
 g - a scarf of resistance (worn)
 m - a +1 pair of boots (worn)
Jewellery
 e - a ring of fire
 n - an amulet of guardian spirit (around neck)
Scrolls
 f - a scroll of amnesia
 i - 2 scrolls of identify
Potions
 h - 2 potions of brilliance


   Skills:
 - Level 6.0 Fighting
 + Level 6.0 Maces & Flails
 - Level 2.2 Armour
 - Level 1.0 Dodging
 + Level 4.6 Invocations


You had 6 spell levels left.
You didn't know any spells.
Your spell library contained the following spells:

 Spells                   Type           Power      Damage    Failure   Level
 Ozocubu's Armour         Ice            0%         N/A       98%         3
 Ozocubu's Refrigeration  Ice            0%         4d5       100%        7


Dungeon Overview and Level Annotations

Branches:
Dungeon (6/15)
 Temple: D:4-7

Altars:

Shops:
D:1 (   D:2 [

Portals:
Abyss: D:5

Annotations:
D:1 exclusion: downstairs
D:2 exclusion: 2 downstairs
D:4 exclusion: 2 downstairs
D:5 Bricks's ghost, novice GnFi; Sigmund


Innate Abilities, Weirdness & Mutations

You cannot be hasted, slowed, berserked, paralysed or teleported.
You can dig through walls and to a lower floor.
You have a pair of large antennae on your head. (SInv)
Your four strong arms can wield two-handed weapons with a shield.


Message History

The orc wizard completely misses you. The orc wizard barely misses you.
You extend your mandibles.
You dig through the rock wall.
You feel drained.
You retract your mandibles.
You hit the shadow imp.
The shadow imp is heavily wounded.
The shadow imp closely misses you. The shadow imp hits you.
* * * LOW HITPOINT WARNING * * *
Unknown command.
You hit the shadow imp but do no damage.
The shadow imp is heavily wounded.
The shadow imp barely misses you.
Unknown command.
You completely miss the shadow imp.
The shadow imp is heavily wounded.
The shadow imp hits you.
* * * LOW HITPOINT WARNING * * *
Unknown command.
Okay, then.
You hit the shadow imp but do no damage.
The shadow imp is heavily wounded.
The orc wizard casts a spell at you.
You easily resist.
The shadow imp misses you.
You hit the orc.
The orc is severely wounded.
The shadow imp hits you but does no damage.
You sock the orc wizard!
You kill the orc wizard!
Lugonu accepts your kill.
The shadow imp hits you but does no damage.
Your life force feels restored.
Your Maces & Flails skill increases to level 6!
You barely miss the orc.
The orc is severely wounded.
The shadow imp barely misses you. The orc hits you with a +0 club.
* * * LOW HITPOINT WARNING * * *
You barely miss the orc.
The orc is severely wounded.
The shadow imp gestures at you. Pain shoots through your body!
You die...

............5..
##...#.........
##....#.........
#..(..##........
#..............
##....#........#
#.......<....F.#
#..†##o##..###..
##.o5@## ..#
##o### ..# { ###
... .... #....
.....


You could see an orc wizard, a shadow imp and 2 orcs.

Vanquished Creatures
  A bullfrog (D:5)
  3 scorpions
  A bullfrog zombie (D:5)
  An orc priest (D:3)
  3 hounds
  2 iguanas
  An orc wizard (D:6)
  Robin (D:3)
  7 gnolls
  2 adders (D:3)
  3 adder skeletons (D:4)
  3 dart slugs
  5 orcs
  6 ball pythons
  9 endoplasms
  A giant cockroach (D:4)
  13 goblins
  11 hobgoblins
  2 jackals (D:1)
  2 quokkas (D:2)
  5 bats
  3 frilled lizards
  4 kobolds
  5 rats
94 creatures vanquished.

Vanquished Creatures (others)
  A plant (D:1)
1 creature vanquished.

Grand Total: 95 creatures vanquished

Notes
Turn   | Place    | Note
-------+----------+-------------------------------------------
     0 | Abyss:1  | hito the Formicid Abyssal Knight began the quest for the
                  | Orb.
     0 | Abyss:1  | Reached XP level 1. HP: 18/18 MP: 2/2
    31 | Abyss:1  | Noticed a hellion
    32 | D:1      | Escaped the Abyss
   291 | D:1      | Reached skill level 1 in Dodging
   353 | D:1      | Found Doutorcha's Antique Weapon Boutique.
   381 | D:1      | Reached * piety under Lugonu
   474 | D:1      | Reached XP level 2. HP: 24/24 MP: 3/3
  1384 | D:2      | Reached XP level 3. HP: 22/30 MP: 4/4
  1556 | D:2      | Found a faded altar of an unknown god.
  1822 | D:2      | Found Fisa Rik's Antique Armour Emporium.
  1911 | D:2      | Reached XP level 4. HP: 24/37 MP: 2/5
  2455 | D:3      | Noticed an ogre
  2818 | D:3      | Reached XP level 5. HP: 21/43 MP: 4/6
  3267 | D:3      | Reached ** piety under Lugonu
  3487 | D:3      | Noticed Robin
  3513 | D:3      | Reached skill level 5 in Fighting
  4257 | D:4      | Reached XP level 6. HP: 7/51 MP: 3/7
  4954 | D:3      | Killed Robin
  5776 | D:4      | Reached *** piety under Lugonu
  5787 | D:5      | Entered Level 5 of the Dungeon
  5829 | D:5      | Reached skill level 5 in Maces & Flails
  5829 | D:5      | Reached XP level 7. HP: 54/58 MP: 8/8
  6029 | D:5      | Found a one-way gate to the infinite horrors of the Abyss.
  6029 | D:5      | Noticed Bricks's ghost (novice GnFi)
  6029 | D:5      | Noticed Sigmund
  6390 | D:6      | Killed from afar by a shadow imp

Illustrated notes

Levels and vault maps discovered:
D:1:      psy_arrival_radial01, layout_basic, serial_forest,
          infiniplex_forest_diagonal, infiniplex_forest_clump_long,
          infiniplex_forest_straight_2, infiniplex_forest_clump_tiny,
          infiniplex_forest_lined_room_2, infiniplex_forest_clump_curved,
          infiniplex_forest_lined_corner, serial_shops, nicolae_shop_crystal,
          chequers_serial_rivers_room_a
D:2:      layout_rooms, serial_shops, shop, ebering_ecumenical_altar_hall,
          minmay_between
D:3:      layout_basic, minmay_misc_feat_tiny, uniq_robin
D:4:      layout_gridville, portal_sewer_entry_e,
          minmay_fractal_squares_gapless_5
D:5:      layout_basic, gammafunk_ghost_abyssal_escape,
          kennysheep_pointless_box, uniq_sigmund
D:6:      layout_cave_pools, minmay_temple_entry_poolview

Skill      XL: |  1  2  3  4  5  6  7 |
---------------+----------------------+-----
Dodging        | 1 |  1.0
Fighting       | 4 5 6 |  6.0
Maces & Flails | 3 4 5 6 |  6.0
Invocations    | 4 |  4.6
Armour         | |  2.2

Action                   |  1- 3 |  4- 6 |  7- 9 || total
-------------------------+-------+-------+-------++-------
Melee: Mace              |    65 |   183 |       ||   248
       Punch             |     1 |     3 |     1 ||     5
       Flail             |       |    45 |    70 ||   115
Invok: Depart the Abyss  |     1 |       |       ||     1
       Bend Space        |       |       |     1 ||     1
       Banish            |       |       |     1 ||     1
 Abil: Dig               |       |     1 |     1 ||     2
  Use: Scroll            |       |    13 |       ||    13
       Potion            |       |     3 |     2 ||     5
Armor: Leather armour    |    21 |    38 |       ||    59
       Scale mail        |       |    50 |    36 ||    86
Dodge: Dodged            |    51 |   120 |    54 ||   225
